 Dungeon Crawl Stone Soup version 0.23-a0-650-ga4d50d4 (webtiles) character file.

37108 tilp the Spear-Bearer (level 13, -1/103 HPs)
             Began as a Merfolk Ice Elementalist on Jan 6, 2019.
             Was an Elder of Makhleb.
             Slain by a spiny frog (15 damage)
             ... on level 6 of the Lair of Beasts.
             The game lasted 01:22:34 (22337 turns).

tilp the Spear-Bearer (Merfolk Ice Elementalist)   Turns: 22337, Time: 01:22:36

Health: -1/103     AC: 20    Str:  8    XL:     13   Next: 94%
Magic:  7/25       EV: 17    Int: 19    God:    Makhleb [****..]
Gold:   1287       SH:  7    Dex: 15    Spells: 1/28 levels left

rFire    + . .     SeeInvis .   b - +0 scimitar (flame)
rCold    . . .     Gourm    .   E - +2 buckler {rF+}
rNeg     . . .     Faith    .   D - +2 robe {MR+}
rPois    .         Spirit   .   l - +2 helmet
rElec    .         Reflect  .   S - +2 cloak {+Inv}
rCorr    .         Harm     .   j - +2 pair of gloves
MR       +....                  (no boots)
Stlth    ++........             d - amulet of the acrobat
HPRegen  0.27/turn              n - +4 ring of slaying
MPRegen  0.19/turn              t - ring of wizardry

@: icy armour
A: change form in water, swift swim, stealthy swim
a: Minor Destruction, Lesser Servant of Makhleb, Major Destruction, Renounce
Religion, Evoke Invisibility


You were on level 6 of the Lair of Beasts.
You worshipped Makhleb.
Makhleb was greatly pleased with you.
You were hungry.

You visited 3 branches of the dungeon, and saw 19 of its levels.
You also visited: Ossuary and Volcano.

You collected 1287 gold pieces.

Inventory:

Hand Weapons
 a - a +0 trident of piercing
 b - a +0 scimitar of flaming (weapon)
 q - a +1 glaive of venom
 B - the +8 longbow "Seexolix" {velocity, rF- rN+ Dex+3}
   (You found it on level 4 of the Lair of Beasts)

   Any arrow fired from it inflicts extra damage.
   It affects your dexterity (+3).
   It makes you vulnerable to fire.
   It protects you from negative energy.
Missiles
 y - 4 javelins (quivered)
 G - 3 throwing nets
 Q - 7 tomahawks
Armour
 j - a +2 pair of gloves (worn)
 l - a +2 helmet (worn)
 D - a +2 robe of magic resistance (worn)
 E - a +2 buckler of fire resistance (worn)
 S - a +2 cloak of invisibility (worn)
 U - a +1 cloak of poison resistance
Jewellery
 d - an amulet of the acrobat (around neck)
 h - an uncursed ring of flight
 n - a +4 ring of slaying (left hand)
 t - a ring of wizardry (right hand)
 R - an uncursed amulet of magic regeneration
Wands
 r - a wand of acid (2)
 v - a wand of iceblast (11)
 C - a wand of digging (5)
 H - a wand of paralysis (2)
 J - a wand of clouds (4)
 P - a wand of disintegration (15)
 V - a wand of polymorph (4)
 Y - a wand of flame (19)
Scrolls
 f - 12 scrolls of remove curse
 g - 10 scrolls of teleportation
 k - 3 scrolls of magic mapping
 o - 4 scrolls of amnesia
 w - a scroll of blinking {unknown}
 I - a scroll of holy word {unknown}
 K - 2 scrolls of fear
 L - 7 scrolls of identify
 N - 2 scrolls of enchant weapon {unknown}
 O - a scroll of fog {unknown}
 T - a scroll of immolation {unknown}
Potions
 e - a potion of ambrosia
 i - 2 potions of might
 m - a potion of resistance
 p - 2 potions of agility
 s - 3 potions of haste
 u - a potion of berserk rage
 x - 3 potions of lignification
 z - 3 potions of flight
 A - 6 potions of curing
 F - 2 potions of heal wounds
 M - 3 potions of brilliance
 W - 3 potions of mutation
 Z - a potion of magic
Comestibles
 c - 35 rations
 X - 2 chunks of flesh


   Skills:
 - Level 10.0 Fighting
 - Level 14.0 Polearms
 - Level 8.0 Dodging
 - Level 2.1 Stealth
 - Level 4.0 Shields
 - Level 8.0 Spellcasting
 - Level 4.0 Conjurations
 - Level 4.4 Hexes
 - Level 4.0 Charms
 + Level 11.8 Ice Magic
 - Level 5.0 Invocations
 - Level 8.1 Evocations


You had one spell level left.
You knew the following spells:

 Your Spells              Type           Power        Failure   Level  Hunger
a - Freeze                Ice            ####         1%          1    None
b - Throw Frost           Conj/Ice       #####.       1%          2    None
c - Ozocubu's Armour      Chrm/Ice       #####...     1%          3    None
d - Throw Icicle          Conj/Ice       #####...     1%          4    ###....
e - Corona                Hex            ###....      1%          1    None
f - Swiftness             Chrm/Air       ###.....     2%          2    None
g - Ensorcelled Hibernat  Hex/Ice        #####.       1%          2    None
h - Blink                 Tloc           N/A          6%          2    None
i - Conjure Flame         Conj/Fire      ###.....     4%          3    None
j - Tukima's Dance        Hex            ###.....     1%          3    None
k - Cause Fear            Hex            ###.......   6%          4    ###....

Your spell library contained the following spells:

 Spells                   Type           Power        Failure   Level  Hunger
 Magic Dart               Conj           ###.         1%          1    None
 Shock                    Conj/Air       ###.         1%          1    None
 Searing Ray              Conj           ###...       1%          2    None
 Slow                     Hex            ###.....     1%          2    None
 Confuse                  Hex            ###.....     1%          3    None
 Dazzling Spray           Conj/Hex       ###...       1%          3    None
 Shroud of Golubria       Chrm/Tloc      ###.......   2%          2    None
 Summon Ice Beast         Ice/Summ       ####....     3%          4    ###....
 Inner Flame              Hex/Fire       ###.....     4%          3    None
 Portal Projectile        Hex/Tloc       ###...       4%          3    None
 Static Discharge         Conj/Air       ###.....     4%          3    None
 Call Imp                 Summ           #.......     6%          2    None
 Mephitic Cloud           Conj/Pois/Air  ##......     6%          3    None
 Fulminant Prism          Conj/Hex       ###.......   6%          4    ###....
 Iskenderun's Mystic Bla  Conj           ###.....     7%          4    ###....
 Gell's Gravitas          Tloc           #.........   11%         3    None
 Ignite Poison            Fire/Tmut/Pois #.......     11%         3    None
 Lesser Beckoning         Tloc           #.........   11%         3    None
 Recall                   Summ/Tloc      N/A          11%         3    None
 Spider Form              Tmut/Pois      #.........   11%         3    None
 Teleport Other           Tloc           #.......     11%         3    None
 Leda's Liquefaction      Hex/Erth       ###.......   14%         4    ###....
 Force Lance              Conj/Tloc      ###.....     16%         4    ###....
 Airstrike                Air            #.........   32%         4    ###....
 Passage of Golubria      Tloc           N/A          32%         4    ###....
 Petrify                  Tmut/Erth      #.......     32%         4    ###....
 Lightning Bolt           Conj/Air       ###.......   38%         5    #####..


Dungeon Overview and Level Annotations

Branches:
Dungeon (12/15)            Temple (1/1) D:7            Lair (6/6) D:9
  Swamp (0/4) Lair:4        Snake (0/4) Lair:3        Slime (0/5) Lair:5
    Orc (0/2) D:11

Altars:
Ashenzari
Cheibriados
Dithmenos
Elyvilon
Fedhas
Hepliaklqana
Kikubaaqudgha
Makhleb
Okawaru
Vehumet
Wu Jian
Xom
Zin

Shops:
D:8 %

Annotations:
D:11 3 runed doors, gruber's ghost, journeyman GnTm
Lair:6 3 exclusions


Message History

The spiny frog stings you.
The two-headed hydra bites you but does no damage.
The two-headed hydra bites you!
* * * LOW HITPOINT WARNING * * *
The spiny frog stings you!
* * * LOW HITPOINT WARNING * * *
You are lethally poisoned!
The spiny frog poisons you!
You feel much better.
You feel sick. You block the spiny frog's attack.
The two-headed hydra bites you!
* * * LOW HITPOINT WARNING * * *
The two-headed hydra bites you but does no damage.
You feel better. You block the spiny frog's attack.
The two-headed hydra barely misses you.
You riposte.
You completely miss the two-headed hydra.
The two-headed hydra is moderately wounded.
The two-headed hydra bites you.
* * * LOW HITPOINT WARNING * * *
The spiny frog stings you!
You die...

##* ### #.* ##.#### **********
###.#########...PP####
*,,,,,**P###P.#.#P##..#...÷P.#.#P
...,,,,,.......F..........†......
...,*,,,,,,*#.tD@#...............
.P#***,.Y.###..###...#.#.##.#....
.,,*,,,$........#.....#####..#...
,,,,,,,..#.#....##.....P#.##.#...
,,,,,,,,..#...t.........!...###..
,,,,,,,..........#....##....# #..
,,,,,,,........#......#,....###..
,,,*,*,........##.<..##,.....#...
*,*,,*,....#.P#.#.D....##.####...


You could see a two-headed hydra, a spiny frog and a crocodile.

Vanquished Creatures
  A stone giant (Volcano)
  4 hydras
  3 two-headed ogres
  A death yak (Lair:5)
  An unseen horror (D:10)
  A cyclops (D:11)
  3 black mambas
  13 elephants
  A torpor snail (Lair:3)
  A molten gargoyle (Volcano)
  4 gargoyles
  5 spiny frogs
  An efreet (Volcano)
  4 komodo dragons
  3 trolls
  A hornet (D:10)
  3 dream sheep (Lair:3)
  3 polar bears
  A slime creature (D:11)
  3 blink frogs (Lair:3)
  9 hippogriffs
  Sigmund (D:2)
  A shadow (D:11)
  A wraith (D:10)
  A spriggan (Lair:2)
  A wyvern (Lair:6)
  A vampire (D:10)
  2 fire elementals (Volcano)
  2 fire bats (Volcano)
  28 yaks
  2 basilisks
  A vampire mosquito (D:11)
  3 nagas
  2 swamp worms (Lair:4)
  7 water moccasins
  5 porcupines
  2 sky beasts
  3 phantoms
  8 ogres
  9 orc warriors
  A black bear (Lair:2)
  An ice beast (D:7)
  A necrophage (D:11)
  12 wolves
  3 centaurs
  9 crocodiles
  15 bullfrogs
  A big kobold (D:8)
  An elf zombie (Ossuary)
  An earth elemental (Volcano)
  A water moccasin zombie (D:6)
  A wyvern skeleton (D:10)
  3 scorpions (D:10)
  4 killer bees (D:10)
  3 electric eels
  3 crimson imps
  A bullfrog zombie (D:11)
  2 howler monkeys
  6 lava snakes (Volcano)
  A centaur zombie (D:8)
  4 orc priests
  3 hounds
  5 centaur skeletons
  3 human zombies (Ossuary)
  Crazy Yiuf (D:2)
  4 jellies
  14 orc wizards
  Ijyb (D:3)
  Terence (D:3)
  2 bullfrog skeletons
  2 iguanas
  3 worker ants
  A killer bee zombie (D:6)
  2 big kobold zombies (Ossuary)
  2 hound skeletons
  4 mummies (Ossuary)
  Robin (D:2)
  A worker ant zombie (D:6)
  10 adders
  A shadow imp (D:11)
  An ooze (D:1)
  An adder skeleton (D:9)
  2 adder zombies
  A worm (D:6)
  3 leopard geckos
  43 orcs
  3 ball pythons
  A giant cockroach (D:5)
  20 goblins
  7 hobgoblins
  12 jackals
  10 kobolds
  4 quokkas
  5 bats
  7 frilled lizards
  2 goblin zombies (Ossuary)
  A hobgoblin zombie (Ossuary)
  A jackal skeleton (D:5)
  2 jackal zombies (Ossuary)
  A leopard gecko zombie (D:6)
  A rat (D:3)
409 creatures vanquished.

Vanquished Creatures (collateral kills)
  A hydra (Lair:3)
  2 basilisks
3 creatures vanquished.

Vanquished Creatures (others)
  7 fungi
  4 plants
11 creatures vanquished.

Grand Total: 423 creatures vanquished

Notes
Turn   | Place    | Note
-------+----------+-------------------------------------------
     0 | D:1      | tilp the Merfolk Ice Elementalist began the quest for the
                  | Orb.
     0 | D:1      | Reached XP level 1. HP: 13/13 MP: 3/3
   281 | D:1      | Reached XP level 2. HP: 19/19 MP: 1/5
   288 | D:1      | Learned a level 2 spell: Throw Frost
  1026 | D:2      | Reached XP level 3. HP: 24/24 MP: 2/6
  1068 | D:2      | Learned a level 3 spell: Ozocubu's Armour
  1130 | D:2      | Noticed Robin
  1237 | D:2      | Noticed Sigmund
  1238 | D:2      | Reached skill level 5 in Ice Magic
  1302 | D:2      | Found a blossoming altar of Fedhas.
  1454 | D:2      | Found a runed door.
  1489 | D:2      | Reached XP level 4. HP: 30/30 MP: 3/7
  1725 | D:2      | Killed Robin
  2147 | D:3      | Noticed Terence
  2170 | D:3      | Killed Terence
  2170 | D:3      | Reached XP level 5. HP: 30/35 MP: 1/8
  2304 | D:3      | Reached skill level 1 in Polearms
  2314 | D:3      | Noticed Ijyb
  2634 | D:3      | Reached skill level 3 in Polearms
  2817 | D:3      | Killed Ijyb
  2817 | D:3      | Reached skill level 4 in Polearms
  2817 | D:3      | Reached XP level 6. HP: 37/41 MP: 9/9
  3339 | D:4      | Reached skill level 6 in Polearms
  3576 | D:4      | Reached skill level 7 in Polearms
  3674 | D:4      | Reached XP level 7. HP: 46/46 MP: 6/10
  4156 | D:5      | Entered Level 5 of the Dungeon
  5081 | D:5      | Identified 2 scrolls of acquirement
  5144 | D:6      | Reached skill level 8 in Polearms
  5182 | D:6      | Reached skill level 1 in Shields
  6126 | D:6      | Reached XP level 8. HP: 50/52 MP: 8/11
  6158 | D:6      | Reached skill level 9 in Polearms
  6547 | D:7      | Found a sand-covered staircase.
  6559 | Ossuary  | Entered an ossuary
  6747 | Ossuary  | Reached skill level 10 in Polearms
  7374 | D:7      | Reached skill level 11 in Polearms
  7501 | D:7      | Found a staircase to the Ecumenical Temple.
  7518 | Temple   | Entered the Ecumenical Temple
  7542 | Temple   | Became a worshipper of Makhleb the Destroyer
  7625 | D:7      | Noticed a hippogriff
  7637 | D:7      | Killed a hippogriff
  7637 | D:7      | Reached skill level 12 in Polearms
  7637 | D:7      | Reached XP level 9. HP: 57/57 MP: 8/12
  8376 | D:8      | Reached skill level 1 in Evocations
  8489 | D:8      | Found Ocis's Food Shoppe.
  8554 | D:8      | Reached * piety under Makhleb
  9013 | D:8      | Found a shattered altar of Ashenzari.
  9080 | D:8      | Found a radiant altar of Vehumet.
  9142 | D:8      | Reached skill level 1 in Invocations
  9661 | D:9      | Found a white marble altar of Elyvilon.
  9859 | D:9      | Found a staircase to the Lair.
 10083 | D:9      | Found an ornate altar of the Wu Jian Council.
 10260 | D:10     | Entered Level 10 of the Dungeon
 10260 | D:10     | Noticed a gargoyle
 10327 | D:10     | Reached XP level 10. HP: 71/72 MP: 16/16
 10507 | D:10     | Noticed a two-headed ogre
 10522 | D:10     | Killed an unseen horror
 10560 | D:10     | Reached skill level 13 in Polearms
 10572 | D:10     | Killed a two-headed ogre
 10572 | D:10     | Reached skill level 5 in Invocations
 10768 | D:10     | Reached ** piety under Makhleb
 10768 | D:10     | Reached skill level 14 in Polearms
 10772 | D:10     | Learned a level 2 spell: Ensorcelled Hibernation
 10774 | D:10     | Learned a level 1 spell: Corona
 10777 | D:10     | Learned a level 2 spell: Swiftness
 10782 | D:10     | Learned a level 4 spell: Throw Icicle
 10818 | D:10     | Reached skill level 5 in Fighting
 10859 | D:10     | Noticed a two-headed ogre
 10883 | D:10     | Killed a two-headed ogre
 10883 | D:10     | Reached skill level 5 in Dodging
 10883 | D:10     | Reached XP level 11. HP: 70/81 MP: 3/17
 11173 | D:10     | Learned a level 2 spell: Blink
 11463 | D:10     | Reached skill level 1 in Conjurations
 11467 | D:10     | Reached skill level 1 in Charms
 11521 | D:10     | Reached skill level 1 in Hexes
 12053 | D:11     | Noticed a six-headed hydra
 12340 | D:11     | Identified the Reference Book on Quantum Changing
 12346 | D:11     | Noticed a cyclops
 12371 | D:11     | Killed a cyclops
 12450 | D:11     | Noticed a purple ugly thing
 12452 | D:11     | Noticed a minotaur
 12453 | D:11     | Noticed a cyclops
 12453 | D:11     | Noticed gruber's ghost (journeyman GnTm)
 12473 | D:11     | Reached *** piety under Makhleb
 12576 | D:11     | Reached skill level 5 in Spellcasting
 12874 | D:11     | Noticed a two-headed ogre
 12902 | D:11     | Killed a two-headed ogre
 12967 | D:11     | Killed a six-headed hydra
 13118 | D:11     | You fall through a shaft!
 13316 | D:11     | Found a runed gate.
 13316 | D:11     | Found a runed gate.
 13316 | D:11     | Found a runed gate.
 13866 | D:11     | Found a staircase to the Orcish Mines.
 14268 | D:2      | Noticed Crazy Yiuf
 14274 | D:2      | Killed Crazy Yiuf
 14339 | D:2      | Killed Sigmund
 14339 | D:2      | Reached XP level 12. HP: 89/89 MP: 13/21
 14566 | Lair:1   | Entered Level 1 of the Lair of Beasts
 14711 | Lair:1   | Reached **** piety under Makhleb
 14892 | Lair:1   | Learned a level 3 spell: Conjure Flame
 14896 | Lair:1   | Learned a level 3 spell: Tukima's Dance
 15711 | Lair:2   | Reached skill level 10 in Ice Magic
 16053 | Lair:2   | Reached skill level 5 in Evocations
 16479 | Lair:3   | Found a staircase to the Snake Pit.
 17088 | Lair:3   | Noticed a five-headed hydra
 17114 | Lair:3   | Killed a five-headed hydra
 17736 | Lair:3   | Learned a level 4 spell: Cause Fear
 17893 | Lair:4   | Reached XP level 13. HP: 98/98 MP: 23/25
 18088 | Lair:4   | Got an ancient longbow
 18121 | Lair:4   | Identified the +8 longbow "Seexolix" {velocity, rF- rN+
                  | Dex+3} (You found it on level 4 of the Lair of Beasts)
 19418 | Lair:4   | Found a staircase to the Swamp.
 20586 | Lair:5   | Found a staircase to the Slime Pits.
 21080 | Lair:6   | Entered Level 6 of the Lair of Beasts
 21174 | Lair:6   | Found a dark tunnel.
 21199 | Volcano  | Entered a volcano
 21581 | Volcano  | Found a radiant altar of Vehumet.
 21594 | Volcano  | Noticed a stone giant
 21596 | Volcano  | Reached ***** piety under Makhleb
 21620 | Volcano  | Killed a stone giant
 21898 | Volcano  | Reached skill level 10 in Fighting
 22335 | Lair:6   | HP: 2/103 [spiny frog (14)]
 22337 | Lair:6   | Slain by a spiny frog

Vault maps used:
D:1:      dpeg_arrival_radiant
D:2:      first_ration, fedhas_ov_isle_minmay, uniq_sigmund, uniq_robin,
          uniq_crazy_yiuf_cottage
D:3:      hangedman_abyss_or_decor_lesser_grid, uniq_ijyb, uniq_terence
D:4:      serial_corexii_hall, chequers_hall_statues_y,
          chequers_hall_statues_corner_a
D:6:      wad_floor_pattern_untrapped
D:7:      temple_green, enter_ossuary_1
D:8:      grunt_temple_overflow_open, serial_shops, shop, grunt_ogre_cave
D:9:      overflow_temple_1_default, nicolae_overflow_crystal_walls,
          lair_entry_dummy
D:10:     kennysheep_minor_cross, minmay_misc_feat_five, hangedman_decor_points,
          kennysheep_kite_vault
D:11:     erik_orc_2, maelrawn_ghost_gauntlet_escape, minivault_1,
          minmay_diamond_spiral
D:12:     nicolae_gozag_cash_rules_everything_around_me, uniq_azrael
Temple:   regret_index_temple_mists
Lair:1:   fungi_pond_lemuel
Lair:2:   grunt_forest_stairs_clearing
Lair:3:   guppyfry_snake_entry_garden, serial_bayou_lagoon_b,
          serial_bayou_shore_b
Lair:4:   palyth_hydra_swamp_entry, serial_rivers,
          chequers_serial_rivers_large_b, chequers_serial_rivers_large_a,
          chequers_serial_rivers_small_b, chequers_serial_rivers_small_a
Lair:5:   slime_dummy, beast_lair_carwin_6, infiniplex_staircase_pool_2,
          grunt_megastairs_3
Lair:6:   grunt_lair_end_beastmaster, portal_ice_cave_demonic_guard,
          nicolae_volcano_entry_s_turn, serial_bayou_pond_a, lemuel_fruit_tree
Ossuary:  ossuary_minmay_tomb_2a
Volcano:  volcano_lake

Skill      XL: |  1  2  3  4  5  6  7  8  9 10 11 12 13 |
---------------+----------------------------------------+-----
Ice Magic      | 4 5 6 8 10 11 | 11.8
Polearms       | 4 7 8 12 14 | 14.0
Shields        | 3 4 |  4.0
Fighting       | 4 6 8 10 | 10.0
Evocations     | 4 7 8 |  8.1
Spellcasting   | 4 6 8 |  8.0
Invocations    | 2 5 |  5.0
Dodging        | 5 6 8 |  8.0
Conjurations   | 2 4 |  4.0
Charms         | 4 |  4.0
Hexes          | 4 |  4.4
Stealth        | |  2.1

Action                   |  1- 3 |  4- 6 |  7- 9 | 10-12 | 13-15 || total
-------------------------+-------+-------+-------+-------+-------++-------
Melee: Unarmed           |     1 |       |       |       |       ||     1
       Dagger            |     2 |    32 |       |       |       ||    34
       Spear             |       |    77 |   657 |     9 |       ||   743
       Trident           |       |       |       |   848 |   478 ||  1326
       Tailslap          |       |       |       |     2 |    23 ||    25
       Scimitar          |       |       |       |       |    10 ||    10
 Fire: Hunting sling     |    11 |     3 |       |       |       ||    14
Throw: Stone             |       |     1 |     3 |     8 |       ||    12
       Javelin           |       |       |       |     2 |     5 ||     7
 Cast: Freeze            |    46 |    61 |   103 |    83 |    18 ||   311
       Ozocubu's Armour  |       |     1 |    22 |    46 |    23 ||    92
       Throw Frost       |       |     1 |     3 |     4 |    17 ||    25
       Ensorcelled Hiber |       |       |       |    10 |     2 ||    12
       Throw Icicle      |       |       |       |    12 |    13 ||    25
       Conjure Flame     |       |       |       |     2 |    11 ||    13
Invok: Lesser Servant of |       |       |       |     3 |     7 ||    10
 Abil: Evoke Flight      |       |       |     2 |       |       ||     2
Evoke: Wand              |       |       |     2 |    14 |     9 ||    25
       Sack of spiders   |       |       |       |     1 |       ||     1
  Use: Scroll            |     2 |     8 |    14 |     9 |     4 ||    37
       Potion            |       |     5 |     1 |     3 |     4 ||    13
 Stab: Sleeping          |       |     3 |    11 |     4 |     3 ||    21
       Distracted        |       |       |     2 |       |     1 ||     3
       Paralysed         |       |       |     6 |     9 |       ||    15
       Held in net/web   |       |       |       |     2 |       ||     2
  Eat: Chunk             |     3 |     8 |    21 |    26 |    12 ||    70
       Ration            |       |       |     1 |     1 |     1 ||     3
Armor: Leather armour    |     1 |    43 |   111 |       |       ||   155
       Robe              |     1 |       |    47 |   172 |   113 ||   333
       Skin              |       |       |       |     8 |       ||     8
Dodge: Dodged            |    25 |    78 |   191 |   334 |   239 ||   867
Block: Buckler           |       |       |    81 |   182 |   107 ||   370
       Rpst.: Scimitar   |       |       |       |       |     7 ||     7

Table legend:
 A = Non-vault XP
 B = Vault XP
 C = Vault XP percentage of total XP
 D = Non-vault monster count
 E = Vault monster count
 F = Vault count percentage of total count
                 A         B        C        D         E       F
            +---------+---------+-------+---------+---------+-------
      Total |   34256 |   18756 |  35.4 |     301 |     110 |  26.8
            +---------+---------+-------+---------+---------+-------
        D:1 |      31 |       2 |   6.1 |      14 |       1 |   6.7
        D:2 |      56 |     297 |  84.1 |      17 |      12 |  41.4
        D:3 |     136 |      76 |  35.8 |      23 |       2 |   8.0
        D:4 |     357 |       0 |   0.0 |      11 |       0 |   0.0
        D:5 |      26 |       0 |   0.0 |       9 |       0 |   0.0
        D:6 |     585 |       0 |   0.0 |      16 |       0 |   0.0
        D:7 |    1068 |       0 |   0.0 |      16 |       0 |   0.0
        D:8 |    1695 |     121 |   6.7 |      42 |       1 |   2.3
        D:9 |      67 |       0 |   0.0 |       5 |       0 |   0.0
       D:10 |    2166 |    4689 |  68.4 |      26 |      15 |  36.6
       D:11 |    4727 |    2033 |  30.1 |      22 |      25 |  53.2
     Lair:1 |    1701 |       0 |   0.0 |      12 |       0 |   0.0
     Lair:2 |    5330 |     848 |  13.7 |      23 |       6 |  20.7
     Lair:3 |    4708 |     326 |   6.5 |      21 |       2 |   8.7
     Lair:4 |    5917 |    2450 |  29.3 |      21 |       7 |  25.0
     Lair:5 |    3139 |    3365 |  51.7 |      15 |       8 |  34.8
     Lair:6 |    2547 |       0 |   0.0 |       8 |       0 |   0.0
    Ossuary |       0 |     327 | 100.0 |       0 |      15 | 100.0
    Volcano |       0 |    4222 | 100.0 |       0 |      16 | 100.0
            +---------+---------+-------+---------+---------+-------
